AAA
LONG ISLAND NAVIGATORS @ WINSTON-SALEM WARTHOGS
08/25/2059
 
TOP OF THE 1ST
Long Island Navigators batting - Pitching for Winston-Salem Warthogs : RHP Israel Schindler
Pitching: RHP Israel Schindler
Batting: RHB Stefan Jamroz 0-0: Ball
1-0: Foul Ball, location: 2F
1-1: Fly out, F9 (Flyball, 9, EV 81.2 MPH)
Batting: RHB Nathaniel Vogel 0-0: Ball
1-0: Ball
2-0: Ball
3-0: Base on Balls
Batting: RHB Kenneth Waters 0-0: Called Strike
0-1: Ball
1-1: Ball
2-1: Ball
3-1: Fly out, F8 (Flyball, 8RXD, EV 102.5 MPH)
Batting: RHB Ahmed Brigatti 0-0: Ball
1-0: Called Strike
1-1: Foul Ball, location: 2F
1-2: SINGLE (Groundball, 56D, EV 96.2 MPH)
Nathaniel Vogel to second
Batting: LHB Felix Arms 0-0: Ball
1-0: Ball
2-0: Called Strike
2-1: Ball
3-1: Foul Ball, location: 2F
3-2: Foul Ball, location: 2F
3-2: Foul Ball, location: 2F
3-2: Base on Balls
Nathaniel Vogel to third
Ahmed Brigatti to second
Batting: SHB Anthone Ornelas 0-0: Swinging Strike
0-1: Called Strike
0-2: Ball
1-2: Strikes out swinging
Top of the 1st over - 0 runs, 1 hit, 0 errors, 3 left on base; Long Island 0 - Winston-Salem 0
BOTTOM OF THE 1ST
Winston-Salem Warthogs batting - Pitching for Long Island Navigators : RHP Karsen Azizi
Pitching: RHP Karsen Azizi
Batting: RHB Bryson Brinn 0-0: Called Strike
0-1: Foul Ball, location: 2F
0-2: Strikes out swinging
Batting: RHB Kyle Patri 0-0: Fly out, F3 (Line Drive, 3, EV 70.6 MPH)
Batting: LHB George Tijhuis 0-0: Called Strike
0-1: Swinging Strike
0-2: Foul Ball, location: 2F
0-2: Ball
1-2: Fly out, F8 (Flyball, 8LS, EV 79.4 MPH)
Bottom of the 1st over - 0 runs, 0 hits, 0 errors, 0 left on base; Long Island 0 - Winston-Salem 0
TOP OF THE 2ND
Long Island Navigators batting - Pitching for Winston-Salem Warthogs : RHP Israel Schindler
Batting: RHB Noah Bishop 0-0: Ground out 6-3 (Groundball, 6, EV 105.0 MPH)
Batting: RHB Landon Garber 0-0: Called Strike
0-1: Called Strike
0-2: Ball
1-2: Ball
2-2: Ball
3-2: Fly out, F9 (Line Drive, 9, EV 102.5 MPH)
Batting: RHB Jon Bowers 0-0: Called Strike
0-1: Fly out, F9 (Line Drive, 9, EV 90.0 MPH)
Top of the 2nd over - 0 runs, 0 hits, 0 errors, 0 left on base; Long Island 0 - Winston-Salem 0
BOTTOM OF THE 2ND
Winston-Salem Warthogs batting - Pitching for Long Island Navigators : RHP Karsen Azizi
Batting: LHB Sherman Primes 0-0: Ball
1-0: Foul Ball, location: 2F
1-1: Ball
2-1: Ball
3-1: Base on Balls
Batting: LHB Lewis O'Connor 0-0: Ball
1-0: Ball
2-0: Called Strike
2-1: Swinging Strike
2-2: Grounds into double play, 4-6-3 (Groundball, 34D, EV 96.2 MPH)
Batting: RHB Devon Abrams 0-0: Called Strike
0-1: Called Strike
0-2: Ball
1-2: Strikes out swinging
Bottom of the 2nd over - 0 runs, 0 hits, 0 errors, 0 left on base; Long Island 0 - Winston-Salem 0
TOP OF THE 3RD
Long Island Navigators batting - Pitching for Winston-Salem Warthogs : RHP Israel Schindler
Batting: RHB Stefan Jamroz 0-0: Ball
1-0: Ground out 5-3 (Groundball, 5L, EV 100.0 MPH)
Batting: RHB Nathaniel Vogel 0-0: Swinging Strike
0-1: Ball
1-1: SINGLE (Line Drive, 5D, EV 94.4 MPH)
Batting: RHB Kenneth Waters 0-0: Ball
1-0: DOUBLE (Flyball, 89D, EV 85.0 MPH)
Nathaniel Vogel to third
Batting: RHB Ahmed Brigatti 0-0: Ball
1-0: Called Strike
1-1: Ground out 5-3 (Groundball, 56, EV 106.2 MPH)
Nathaniel Vogel scores
Batting: LHB Felix Arms 0-0: Foul Ball, location: 2F
0-1: Ball
1-1: Foul Ball, location: 2F
1-2: Ball
2-2: Ball
3-2: SINGLE (Flyball, 78S, EV 97.5 MPH)
Kenneth Waters to third
Throwing error, E7
Kenneth Waters scores
Felix Arms to second
Batting: SHB Anthone Ornelas 0-0: Ball
1-0: Foul Ball, location: 2F
1-1: Called Strike
1-2: Ball
2-2: Ball
3-2: Foul Ball, location: 2F
3-2: Foul Ball, location: 2F
3-2: Fly out, F7 (Flyball, 7, EV 76.2 MPH)
Top of the 3rd over - 2 runs, 3 hits, 1 error, 1 left on base; Long Island 2 - Winston-Salem 0
BOTTOM OF THE 3RD
Winston-Salem Warthogs batting - Pitching for Long Island Navigators : RHP Karsen Azizi
Batting: RHB Allen Stoll 0-0: Ball
1-0: Ball
2-0: Ball
3-0: Called Strike
3-1: Ground out 4-3 (Groundball, 4, EV 88.1 MPH)
Batting: RHB Casey Suggs 0-0: Ball
1-0: Ground out 6-3 (Groundball, 6, EV 86.9 MPH)
Batting: RHB Todd Abarca 0-0: Called Strike
0-1: Foul Ball, location: 2F
0-2: Ball
1-2: Strikes out swinging
Bottom of the 3rd over - 0 runs, 0 hits, 0 errors, 0 left on base; Long Island 2 - Winston-Salem 0
TOP OF THE 4TH
Long Island Navigators batting - Pitching for Winston-Salem Warthogs : RHP Israel Schindler
Batting: RHB Noah Bishop 0-0: Swinging Strike
0-1: Ball
1-1: Fly out, F8 (Flyball, 8LD, EV 93.1 MPH)
Batting: RHB Landon Garber 0-0: SINGLE (Groundball, 25, EV 68.1 MPH) (infield hit)
Batting: RHB Jon Bowers 0-0: Swinging Strike
0-1: Ball
1-1: Swinging Strike
1-2: Strikes out looking
Batting: RHB Stefan Jamroz 0-0: Called Strike
0-1: SINGLE (Line Drive, 5D, EV 101.9 MPH)
Landon Garber to second
Batting: RHB Nathaniel Vogel 0-0: Called Strike
0-1: Fly out, F9 (Flyball, 9, EV 84.4 MPH)
Top of the 4th over - 0 runs, 2 hits, 0 errors, 2 left on base; Long Island 2 - Winston-Salem 0
BOTTOM OF THE 4TH
Winston-Salem Warthogs batting - Pitching for Long Island Navigators : RHP Karsen Azizi
Batting: RHB Bryson Brinn 0-0: Called Strike
0-1: Ball
1-1: SINGLE (Groundball, 56D, EV 94.4 MPH)
Batting: RHB Kyle Patri 0-0: Called Strike
Bryson Brinn steals 2nd base
0-1: Ball
1-1: SINGLE (Groundball, 56D, EV 95.6 MPH)
Bryson Brinn to third
Batting: LHB George Tijhuis 0-0: Called Strike
0-1: Swinging Strike
0-2: Ball
1-2: Foul Ball, location: 2F
1-2: Ball
2-2: DOUBLE (Line Drive, 7LS, EV 99.4 MPH)
Bryson Brinn scores
Kyle Patri to third
Batting: LHB Sherman Primes 0-0: Ball
1-0: 3-RUN HOME RUN (Flyball, 89XD, EV 98.8 MPH), Distance : 393 ft
Batting: LHB Lewis O'Connor 0-0: Swinging Strike
0-1: Ball
1-1: Foul Ball, location: 2F
1-2: Ball
2-2: Ball
3-2: Fly out, F7 (Line Drive, 7D, EV 94.4 MPH)
Batting: RHB Devon Abrams 0-0: Foul Ball, location: 2F
0-1: Ball
1-1: Ball
2-1: Swinging Strike
2-2: Strikes out swinging
Batting: RHB Allen Stoll 0-0: Reached on error, E3 (Groundball, 34, EV 105.6 MPH)
Batting: RHB Casey Suggs 0-0: Foul Ball, location: 2F
0-1: Foul Ball, location: 2F
0-2: DOUBLE (Flyball, 8RXD, EV 113.1 MPH)
Allen Stoll scores
Batting: RHB Todd Abarca 0-0: Ball
1-0: Ball
2-0: Called Strike
2-1: Foul Ball, location: 2F
2-2: Strikes out swinging
Bottom of the 4th over - 5 runs, 5 hits, 1 error, 1 left on base; Long Island 2 - Winston-Salem 5
TOP OF THE 5TH
Long Island Navigators batting - Pitching for Winston-Salem Warthogs : RHP Israel Schindler
Batting: RHB Kenneth Waters 0-0: Called Strike
0-1: Ground out 5-3 (Groundball, 56S, EV 89.4 MPH)
Batting: RHB Ahmed Brigatti 0-0: Called Strike
0-1: Reached on error, E5 (Groundball, 56, EV 83.1 MPH)
Batting: LHB Felix Arms 0-0: Called Strike
0-1: Fly out, F8 (Flyball, 8RS, EV 93.1 MPH)
Batting: SHB Anthone Ornelas 0-0: Fielders Choice at 2nd, 5-4 (Groundball, 56, EV 103.8 MPH)
Top of the 5th over - 0 runs, 0 hits, 1 error, 1 left on base; Long Island 2 - Winston-Salem 5
BOTTOM OF THE 5TH
Winston-Salem Warthogs batting - Pitching for Long Island Navigators : RHP Karsen Azizi
Batting: RHB Bryson Brinn 0-0: Ball
1-0: Ball
2-0: SINGLE (Groundball, 6MD, EV 102.5 MPH) (infield hit)
Batting: RHB Kyle Patri 0-0: Foul Ball, location: 2F
0-1: Swinging Strike
0-2: Ball
1-2: Ball
2-2: Foul Ball, location: 2F
2-2: Strikes out swinging
Batting: LHB George Tijhuis 0-0: Called Strike
0-1: Ball
1-1: Grounds into double play, 4-6-3 (Groundball, 4, EV 83.1 MPH)
Bottom of the 5th over - 0 runs, 1 hit, 0 errors, 0 left on base; Long Island 2 - Winston-Salem 5
TOP OF THE 6TH
Long Island Navigators batting - Pitching for Winston-Salem Warthogs : RHP Israel Schindler
Batting: RHB Noah Bishop 0-0: Called Strike
0-1: Ball
1-1: Ball
2-1: Called Strike
2-2: Strikes out swinging
Batting: RHB Landon Garber 0-0: Swinging Strike
0-1: Ball
1-1: Swinging Strike
1-2: Ball
2-2: Ball
3-2: Ground out 5-3 (Groundball, 56S, EV 88.8 MPH)
Batting: RHB Jon Bowers 0-0: SINGLE (Line Drive, 56D, EV 99.4 MPH)
Batting: RHB Stefan Jamroz 0-0: Ball
1-0: Ground out 2-3 (Groundball, 2L, EV 70.6 MPH)
Top of the 6th over - 0 runs, 1 hit, 0 errors, 1 left on base; Long Island 2 - Winston-Salem 5
BOTTOM OF THE 6TH
Winston-Salem Warthogs batting - Pitching for Long Island Navigators : RHP Karsen Azizi
Pitching: LHP Bob Thomas
Batting: LHB Sherman Primes 0-0: Called Strike
0-1: Ball
1-1: Swinging Strike
1-2: Foul Ball, location: 2F
1-2: Strikes out swinging
Batting: LHB Lewis O'Connor 0-0: Ball
1-0: Called Strike
1-1: Foul Ball, location: 2F
1-2: Ball
2-2: Ball
3-2: Strikes out swinging
Batting: RHB Devon Abrams 0-0: Ball
1-0: Ball
2-0: Called Strike
2-1: Called Strike
2-2: Fly out, F5 (Line Drive, 5, EV 71.2 MPH)
Bottom of the 6th over - 0 runs, 0 hits, 0 errors, 0 left on base; Long Island 2 - Winston-Salem 5
TOP OF THE 7TH
Long Island Navigators batting - Pitching for Winston-Salem Warthogs : RHP Israel Schindler
Batting: RHB Nathaniel Vogel 0-0: Ball
1-0: Reached on error, E5 (Groundball, 56, EV 90.0 MPH)
Batting: RHB Kenneth Waters 0-0: Foul Ball, location: 2F
0-1: Ball
1-1: Called Strike
1-2: Ball
2-2: Ball
3-2: Foul Ball, location: 2F
3-2: Strikes out swinging
Batting: RHB Ahmed Brigatti 0-0: Ball
1-0: DOUBLE (Flyball, 89D, EV 105.0 MPH)
Nathaniel Vogel to third
Batting: LHB Felix Arms 0-0: Ground out 6-3 (Groundball, 6S, EV 81.9 MPH)
Nathaniel Vogel scores
Pitching: RHP Jakob Williamson
Batting: SHB Anthone Ornelas 0-0: Called Strike
0-1: Ball
1-1: Swinging Strike
1-2: Strikes out swinging
Top of the 7th over - 1 run, 1 hit, 1 error, 1 left on base; Long Island 3 - Winston-Salem 5
BOTTOM OF THE 7TH
Winston-Salem Warthogs batting - Pitching for Long Island Navigators : LHP Bob Thomas
Batting: RHB Allen Stoll 0-0: Called Strike
0-1: Ball
1-1: Ground out 3-1 (Groundball, 34, EV 103.8 MPH)
Batting: RHB Casey Suggs 0-0: Foul Ball, location: 2F
0-1: Called Strike
0-2: Ball
1-2: Ball
2-2: Foul Ball, location: 2F
2-2: Foul Ball, location: 2F
2-2: DOUBLE (Flyball, 89D, EV 88.1 MPH)
Batting: RHB Todd Abarca 0-0: SINGLE (Groundball, 56D, EV 98.1 MPH)
Casey Suggs to third
Batting: RHB Bryson Brinn 0-0: Ball
1-0: Ball
2-0: Ball
3-0: Base on Balls
Todd Abarca to second
Batting: RHB Kyle Patri 0-0: Ball
1-0: Ball
2-0: Ball
3-0: Called Strike
3-1: Called Strike
3-2: Base on Balls
Casey Suggs scores
Todd Abarca to third
Bryson Brinn to second
Batting: LHB George Tijhuis 0-0: Ball
1-0: Foul Ball, location: 2F
1-1: Called Strike
1-2: Foul Ball, location: 2F
1-2: Strikes out swinging
Batting: LHB Sherman Primes 0-0: Called Strike
0-1: Ball
1-1: Foul Ball, location: 2F
1-2: Strikes out swinging
Bottom of the 7th over - 1 run, 2 hits, 0 errors, 3 left on base; Long Island 3 - Winston-Salem 6
TOP OF THE 8TH
Long Island Navigators batting - Pitching for Winston-Salem Warthogs : RHP Jakob Williamson
Batting: RHB Noah Bishop 0-0: Called Strike
0-1: DOUBLE (Flyball, 89XD, EV 105.0 MPH)
Pinch Runner at 2nd Triston Harris:
Batting: RHB Landon Garber 0-0: Ball
1-0: Swinging Strike
1-1: Swinging Strike
1-2: Ball
2-2: Fly out, F8 (Flyball, 8RD, EV 96.9 MPH)
Batting: RHB Jon Bowers 0-0: Ball
1-0: Ball
2-0: Called Strike
2-1: DOUBLE (Groundball, 5L, EV 103.8 MPH)
Triston Harris scores
Batting: RHB Stefan Jamroz 0-0: Ball
1-0: Ball
2-0: Foul Ball, location: 2F
2-1: Swinging Strike
2-2: Strikes out swinging
Batting: RHB Nathaniel Vogel 0-0: Foul Ball, location: 2F
0-1: Ball
1-1: Swinging Strike
1-2: Ground out 3-1 (Groundball, 34, EV 103.8 MPH)
Top of the 8th over - 1 run, 2 hits, 0 errors, 1 left on base; Long Island 4 - Winston-Salem 6
BOTTOM OF THE 8TH
Winston-Salem Warthogs batting - Pitching for Long Island Navigators : LHP Bob Thomas
Pitching: RHP Luke Clark
Batting: LHB Lewis O'Connor 0-0: Ball
1-0: Called Strike
1-1: Swinging Strike
1-2: Strikes out swinging
Batting: RHB Devon Abrams 0-0: Called Strike
0-1: Foul Ball, location: 2F
0-2: Ball
1-2: Foul Ball, location: 2F
1-2: Fly out, F8 (Line Drive, 8LD, EV 94.4 MPH)
Batting: RHB Allen Stoll 0-0: Foul Ball, location: 2F
0-1: Ball
1-1: Ball
2-1: Ball
3-1: Foul Ball, location: 2F
3-2: Strikes out swinging
Bottom of the 8th over - 0 runs, 0 hits, 0 errors, 0 left on base; Long Island 4 - Winston-Salem 6
TOP OF THE 9TH
Long Island Navigators batting - Pitching for Winston-Salem Warthogs : RHP Jakob Williamson
Pitching: RHP Toby Zook
Batting: RHB Kenneth Waters 0-0: Called Strike
0-1: Ball
1-1: DOUBLE (Line Drive, 89M, EV 106.9 MPH)
Batting: RHB Ahmed Brigatti 0-0: Called Strike
0-1: Ball
1-1: Ball
2-1: Swinging Strike
2-2: Strikes out swinging, 2-3 out at first.
Batting: LHB Felix Arms 0-0: Ball
1-0: Called Strike
1-1: SINGLE (Line Drive, 56D, EV 100.0 MPH)
Kenneth Waters to third
Batting: SHB Anthone Ornelas 0-0: Called Strike
0-1: Called Strike
0-2: Ball
1-2: Ball
2-2: Strikes out swinging
Batting: LHB Triston Harris 0-0: Ball
1-0: Ball
2-0: Ball
3-0: Called Strike
3-1: Foul Ball, location: 2F
3-2: SINGLE (Line Drive, 8LS, EV 93.8 MPH)
Kenneth Waters scores
Felix Arms to second
Felix Arms to third
Batting: RHB Landon Garber 0-0: Ball
1-0: Ball
2-0: Called Strike
2-1: Foul Ball, location: 2F
2-2: Ball
3-2: Foul Ball, location: 2F
3-2: Strikes out swinging
Top of the 9th over - 1 run, 3 hits, 0 errors, 2 left on base; Long Island 5 - Winston-Salem 6
Wednesday, March 27th , 2024 - OOTP Baseball 23.10 Build 110